 Dungeon Crawl Stone Soup version 0.27-a0-972-gd1521fd518 (webtiles) character file.

Game seed: 17957656900637357033

75 Glokmah the Charlatan (level 4, -1/33 HPs)
             Began as a Demonspawn Artificer on Apr 14, 2021.
             Slain by an orc wizard
             ... wielding a +0 dagger
              (4 damage)
             ... on level 2 of the Dungeon.
             The game lasted 00:04:58 (3278 turns).

Glokmah the Charlatan (Demonspawn Artificer)        Turns: 3278, Time: 00:04:58

Health: -1/33      AC:  4    Str: 13    XL:     4   Next: 11%
Magic:  4/4        EV: 11    Int: 12    God:
Gold:   70         SH:  0    Dex: 14    Spells: 3/3 levels left

rFire    . . .     SeeInvis .   a - +0 short sword
rCold    . . .     Faith    .   (no shield)
rNeg     . . .     Spirit   .   b - +0 leather armour
rPois    .         Reflect  .   (helmet restricted)
rElec    .         Harm     .   i - +0 cloak
rCorr    .         Rampage  .   (no gloves)
Will     .....                  (no boots)
Stlth    +.........             (no amulet)
HPRegen  0.11/turn              (no ring)
MPRegen  0.09/turn              (no ring)

@: no status effects
A: antennae 1, powered by death 1, powered by pain 1
a: no special abilities


You were on level 2 of the Dungeon.
You visited 1 branch of the dungeon, and saw 2 of its levels.

You collected 70 gold pieces.

Inventory:

Hand Weapons
 a - a +0 short sword (weapon)
Missiles
 k - 2 stones
Armour
 b - a +0 leather armour (worn)
 i - a +0 cloak (worn)
Wands
 c - a wand of flame (2) (quivered)
 d - a wand of charming (11)
Scrolls
 g - a scroll of vulnerability {unknown}
Potions
 h - a potion of magic {unknown}
Miscellaneous
 e - a piece from Xom's chessboard (11/15)


   Skills:
 + Level 2.0 Fighting
 + Level 2.3 Armour
 + Level 1.6 Dodging
 - Level 0.8 Stealth
 * Level 3.9 Evocations


You had 3 spell levels left.
You didn't know any spells.
Your spell library was empty.

Dungeon Overview and Level Annotations

Branches:
Dungeon (2/15)

Altars:


Innate Abilities, Weirdness & Mutations

You have a pair of small antennae on your head.
You regenerate a little health from kills.
You sometimes gain a little power by taking damage.


Message History

Your orc priest hits the orc with a +0 club.
You swap places.
The orc hits you with a +0 flail.
Your orc priest casts a cantrip, but nothing happens.
You barely miss the orc priest.
The orc priest hits you with a +0 flail.
The orc wizard gestures at itself while chanting.
The orc wizard flickers and vanishes!
Deactivating autopickup; reactivate with Ctrl-A.
The orc hits you with a +0 flail.
Your orc priest closely misses the orc.
You barely miss the orc priest.
The orc priest hits you with a +0 flail.
* * * LOW HITPOINT WARNING * * *
The orc misses you.
Your orc priest hits the orc with a +0 club.
The orc dies!
Unknown command.
Aiming: Charm
Press: ? - help, Shift-Dir - straight line, f - orc priest, p - orc priest
Aim: an orc priest, wielding a +0 flail (ally target, chance to affect: 57%)
The orc priest is charmed.
You hear some strange, mumbled words.
A puff of flame appears from out of thin air!
The puff of flame hits you.
* * * LOW HITPOINT WARNING * * *
The worm bites your orc priest.
You hear some strange, mumbled words.
A puff of flame appears from out of thin air!
The puff of flame hits you.
* * * LOW HITPOINT WARNING * * *
You feel better. Something hits you.
* * * LOW HITPOINT WARNING * * *
Aiming: Throw Flame
Press: ? - help, Shift-Dir - straight line, p - orc priest Something hits you.
* * * LOW HITPOINT WARNING * * *
Unknown command.
Aiming: Throw Flame
Press: ? - help, Shift-Dir - straight line Something hits you.
You die...

#......... #o.#######
#......... ########
#.###..... #......#
#..##.####
#######......####..#.#
#.............'.....#.#
#.....##......###..o..#
#.....##....{@# #.....#
## ##..........#oo#
#.....# ###.#
#.#...##...#..w# #.....#
....# #.)#..##..#..).#
#.....####...#
#...#....#.....#
#.............
###....#..#......#
###..o#####.##
..#.##..##..##..##
#.#>........
..#.##..##..##.##
#.#######.##
.......#..#.....######.#
#.......


You could see a worm and 2 friendly orc priests.

Vanquished Creatures
  2 adders (D:2)
  A worm (D:2)
  A dart slug (D:1)
  6 endoplasms
  2 giant cockroaches
  3 goblins
  6 hobgoblins
  3 jackals (D:1)
  2 quokkas
  4 ball pythons (D:1)
  5 bats
  3 frilled lizards
  3 kobolds
  5 rats
46 creatures vanquished.

Vanquished Creatures (collateral kills)
  2 orcs (D:2)
2 creatures vanquished.

Vanquished Creatures (others)
  A jackal (D:1)
1 creature vanquished.

Grand Total: 49 creatures vanquished

Notes
Turn   | Place    | Note
-------+----------+-------------------------------------------
     0 | D:1      | Glokmah the Demonspawn Artificer began the quest for the
                  | Orb.
     0 | D:1      | Reached XP level 1. HP: 15/15 MP: 1/1
    35 | D:1      | Reached skill level 1 in Dodging
   232 | D:1      | Gained mutation: You regenerate a little health from kills.
                  | [demonic ancestry]
   232 | D:1      | Reached XP level 2. HP: 3/21 MP: 2/2
  1388 | D:1      | Gained mutation: You sometimes gain a little power by
                  | taking damage. [demonic ancestry]
  1388 | D:1      | Reached XP level 3. HP: 15/26 MP: 3/3
  3145 | D:2      | Gained mutation: You have a pair of small antennae on your
                  | head. [demonic ancestry]
  3145 | D:2      | Reached XP level 4. HP: 33/33 MP: 4/4
  3275 | D:2      | HP: 1/33 [something/puff of flame (4)]
  3278 | D:2      | Slain by an orc wizard

Illustrated notes

Levels and vault maps discovered:
D:1:      roderic_dead_forest, layout_basic, hangedman_feature_mirror,
          kennysheep_minor_cross
D:2:      cheibrodos_pilgrimage, layout_basic, minivault_26

Skill      XL: |  1  2  3  4 |
---------------+-------------+-----
Dodging        | 1 |  1.6
Armour         | 2 |  2.3
Fighting       | 2 |  2.0
Stealth        | |  0.8
Evocations     | |  3.9

Action                   |  1- 3 |  4- 6 || total
-------------------------+-------+-------++-------
Melee: Club              |   199 |    22 ||   221
       Short sword       |       |     6 ||     6
Evoke: Wand              |    13 |     4 ||    17
       Piece from Xom's  |     9 |       ||     9
  Use: Potion            |     1 |     1 ||     2
 Stab: Distracted        |     1 |       ||     1
       Sleeping          |     2 |       ||     2
Armor: Leather armour    |    72 |     9 ||    81
Dodge: Dodged            |   166 |    26 ||   192

Table legend: (Time is in decaauts)
 A = Elapsed time spent in this place.
 B = Non-inter-level travel time spent in this place.
 C = Inter-level travel time spent in this place.
 D = Time resting spent in this place.
 E = Time spent auto-exploring this place.
 F = Levels seen in this place.
 G = Mean time per level.
                   A        B        C        D        E       F      G
               +--------+--------+--------+--------+--------+-----+--------+
         Total |   3347 |   3246 |    101 |   1420 |   1084 |   2 | 1673.5 |
       Dungeon |   3347 |   3246 |    101 |   1420 |   1084 |   2 | 1673.5 |
               +--------+--------+--------+--------+--------+-----+--------+

Top non-repeatable levels by time:
     D:1: 2413 daAuts
     D:2: 933 daAuts
